General information
- name: BNet
- type: Ladder team game (AT/RT)
- host: Battle.net
- saver: skrt
map: GoldRush
- players: 8
- length: 26:51
- speed: Fast
- version: 1.10030 W3XP
- replay type: Public
» download(312 KB)
Players
team 1 (winner)

»
Nineup (
purple | 81 APM | 2165 actions | 26:51)
9 Keeper of the Grove
3 Entangling Roots
3 Thorns Aura
1 Tranquility
2 Force of Nature
2 Archmage
1 Summon Water Elemental
1 Mass Teleport
» actions
| Assign group hotkey | 67 | |
| Basic commands | 231 | |
| Build / train | 113 | |
| ESC pressed | 13 | |
| Enter build submenu | 20 | |
| Enter hero's abilities submenu | 11 | |
| Give item / drop item | 1 | |
| Right click | 857 | |
| Select / deselect | 422 | |
| Select group hotkey | 311 | |
| Use ability | 119 | |
2165 total
» units
| Wisp | 24 | |
| Peasant | 1 | |
| Archer | 19 | |
| Huntress | 9 | |
| Hippogryph | 22 | |
75 total
» upgrades
| Strength of the Moon | 3 | |
| Moon Armor | 3 | |
| Sentinel | 1 | |
| Ultravision | 1 | |
| Improved Bows | 1 | |
| Marksmanship | 1 | |
| Strength of the Wild | 1 | |
| Nature's Blessing | 2 | |
| Well Spring | 1 | |
14 total
» buildings
| Altar of Elders | 1 | |
| Moon Well | 6 | |
| Altar of Kings | 1 | |
| Ancient of War | 2 | |
| Hunter's Hall | 1 | |
| Tree of Life | 1 | |
| Farm | 3 | |
| Tree of Ages | 1 | |
| Ancient of Wind | 2 | |
| Tree of Eternity | 1 | |
| Ancient of Wonders | 1 | |
20 total
» build order
00:10 Altar of Elders
00:17 Moon Well
00:25 Altar of Kings
00:40 Ancient of War
01:37 Moon Well
02:15 Hunter's Hall
03:12 Tree of Life
03:24 Ancient of War
03:54 Moon Well
04:52 Moon Well
05:16 Farm
07:27 Tree of Ages
09:32 Moon Well
09:33 Moon Well
09:52 Ancient of Wind
09:53 Ancient of Wind
09:56 Tree of Eternity
10:27 Ancient of Wonders
10:44 Farm
10:46 Farm
» items
| Boots of Speed | 1 | |
| Scroll of Town Portal | 2 | |
| Potion of Healing | 2 | |
| Orb of Venom | 1 | |
| Anti-magic Potion | 2 | |
8 total
Arrowgone (
orange | 80 APM | 2137 actions | 26:51)
7 Archmage
3 Summon Water Elemental
3 Brilliance Aura
1 Mass Teleport
3 Mountain King
2 Storm Bolt
1 Bash
» actions
| Assign group hotkey | 37 | |
| Basic commands | 84 | |
| Build / train | 141 | |
| Enter build submenu | 49 | |
| Enter hero's abilities submenu | 13 | |
| Right click | 920 | |
| Select / deselect | 509 | |
| Select group hotkey | 186 | |
| Use ability | 198 | |
2137 total
» units
| Peasant | 35 | |
| Rifleman | 42 | |
| Sorceress | 3 | |
| Dragonhawk Rider | 2 | |
| Gryphon Rider | 5 | |
| Priest | 1 | |
88 total
» upgrades
| Gunpowder | 2 | |
| Armor | 4 | |
| Long Rifles | 2 | |
| Swords | 4 | |
| Priest Training | 2 | |
| Sorceress Training | 1 | |
| Lumber Harvesting | 1 | |
| Masonry | 2 | |
| Storm Hammers | 1 | |
| Cloud | 1 | |
20 total
» buildings
| Altar of Kings | 3 | |
| Farm | 22 | |
| Blacksmith | 2 | |
| Barracks | 2 | |
| Scout Tower | 2 | |
| Arcane Tower | 2 | |
| Town Hall | 4 | |
| Keep | 2 | |
| Lumber Mill | 2 | |
| Castle | 2 | |
| Arcane Sanctum | 3 | |
| Gryphon Aviary | 3 | |
| Arcane Vault | 3 | |
52 total
» build order
00:07 Altar of Kings
00:19 Farm
00:25 Altar of Kings
00:28 Altar of Kings
00:29 Farm
00:41 Farm
00:51 Farm
00:52 Farm
01:18 Blacksmith
01:27 Blacksmith
01:35 Barracks
01:41 Scout Tower
01:52 Barracks
02:12 Farm
02:13 Farm
02:16 Arcane Tower
02:29 Scout Tower
02:40 Farm
02:51 Arcane Tower
03:26 Farm
04:07 Farm
04:55 Farm
05:10 Farm
05:40 Town Hall
06:05 Keep
06:24 Farm
06:28 Farm
07:48 Keep
08:03 Lumber Mill
08:31 Castle
08:45 Farm
09:13 Lumber Mill
10:54 Arcane Sanctum
10:56 Arcane Sanctum
11:47 Gryphon Aviary
11:48 Gryphon Aviary
11:54 Gryphon Aviary
12:34 Arcane Sanctum
13:02 Town Hall
13:19 Arcane Vault
14:23 Farm
14:27 Farm
16:29 Farm
16:31 Farm
16:32 Farm
16:35 Castle
17:03 Farm
17:03 Farm
20:18 Town Hall
20:26 Arcane Vault
22:56 Arcane Vault
24:49 Town Hall
» items
| Dust of Appearance | 1 | |
| Scroll of Regeneration | 1 | |
| Scroll of Town Portal | 3 | |
| Boots of Speed | 2 | |
| Periapt of Vitality | 1 | |
8 total
Golden_Pony (
green | 86 APM | 2309 actions | 26:51)
6 Priestess of the Moon
3 Trueshot Aura
2 Scout
1 Starfall
» actions
| Assign group hotkey | 26 | |
| Build / train | 66 | |
| ESC pressed | 1 | |
| Enter build submenu | 28 | |
| Enter hero's abilities submenu | 6 | |
| Right click | 1132 | |
| Select / deselect | 620 | |
| Select group hotkey | 391 | |
| Use ability | 39 | |
2309 total
» units
» upgrades
| Ultravision | 1 | |
| Strength of the Moon | 3 | |
| Sentinel | 1 | |
| Moon Armor | 1 | |
| Upgrade Moon Glaive | 1 | |
| Improved Bows | 1 | |
| Marksmanship | 1 | |
| Druid of the Claw Training | 1 | |
10 total
» buildings
| Altar of Elders | 1 | |
| Moon Well | 8 | |
| Hunter's Hall | 1 | |
| Ancient of War | 2 | |
| Tree of Ages | 1 | |
| Tree of Life | 2 | |
| Tree of Eternity | 1 | |
| Ancient of Wind | 6 | |
| Ancient of Lore | 4 | |
| Ancient of Wonders | 1 | |
27 total
» build order
00:11 Altar of Elders
00:20 Moon Well
01:15 Hunter's Hall
01:44 Moon Well
02:00 Ancient of War
02:16 Ancient of War
02:40 Moon Well
04:25 Moon Well
08:27 Tree of Ages
08:55 Tree of Life
11:51 Tree of Eternity
12:35 Ancient of Wind
12:36 Ancient of Lore
12:39 Ancient of Lore
12:45 Ancient of Wind
12:48 Ancient of Wind
14:23 Moon Well
14:26 Ancient of Wind
14:32 Ancient of Lore
14:39 Ancient of Wind
15:20 Moon Well
15:25 Moon Well
16:19 Moon Well
17:10 Ancient of Wind
17:13 Ancient of Lore
18:02 Tree of Life
19:12 Ancient of Wonders
fvwsedoho (
pink | 101 APM | 7 actions | 00:04)
team 2 (loser)

»
skrt (
blue | 165 APM | 4429 actions | 26:51)
5 Death Knight
3 Death Coil
2 Unholy Aura
5 Lich
3 Frost Nova
2 Frost Armor
3 Dreadlord
2 Sleep
1 Carrion Swarm
» actions
| Assign group hotkey | 45 | |
| Basic commands | 270 | |
| Build / train | 93 | |
| ESC pressed | 1 | |
| Enter build submenu | 28 | |
| Enter hero's abilities submenu | 14 | |
| Give item / drop item | 3 | |
| Right click | 1958 | |
| Select / deselect | 939 | |
| Select group hotkey | 938 | |
| Use ability | 140 | |
4429 total
» units
| Acolyte | 14 | |
| Ghoul | 13 | |
| Crypt Fiend | 8 | |
| Frost Wyrm | 4 | |
39 total
» upgrades
» buildings
| Crypt | 3 | |
| Graveyard | 2 | |
| Altar of Darkness | 2 | |
| Ziggurat | 8 | |
| Tomb of Relics | 2 | |
| Necropolis | 2 | |
| Halls of the Dead | 2 | |
| Spirit Tower | 3 | |
| Black Citadel | 2 | |
| Sacrificial Pit | 4 | |
| Boneyard | 2 | |
32 total
» build order
00:07 Crypt
00:10 Graveyard
00:13 Crypt
00:43 Altar of Darkness
00:58 Ziggurat
01:27 Tomb of Relics
02:02 Ziggurat
04:26 Necropolis
04:41 Halls of the Dead
05:03 Ziggurat
05:46 Spirit Tower
06:14 Ziggurat
06:47 Spirit Tower
07:25 Black Citadel
08:31 Sacrificial Pit
08:33 Sacrificial Pit
10:07 Boneyard
10:18 Boneyard
12:31 Ziggurat
13:55 Spirit Tower
14:35 Necropolis
18:46 Crypt
18:54 Altar of Darkness
18:56 Ziggurat
20:59 Graveyard
22:07 Halls of the Dead
22:39 Ziggurat
22:40 Ziggurat
23:42 Tomb of Relics
25:00 Black Citadel
25:03 Sacrificial Pit
25:08 Sacrificial Pit
» items
| Rod of Necromancy | 3 | |
| Healing Salve | 1 | |
| Potion of Mana | 7 | |
| Scroll of Town Portal | 8 | |
| Scroll of Regeneration | 1 | |
| Orb of Corruption | 1 | |
| Potion of Healing | 7 | |
| Scroll of Healing | 1 | |
29 total

»
LightYagami (
red | 30 APM | 794 actions | 26:28)
5 Paladin
1 Holy Light
1 Divine Shield
3 Devotion Aura
» actions
| Basic commands | 37 | |
| Build / train | 110 | |
| Enter build submenu | 39 | |
| Enter hero's abilities submenu | 5 | |
| Give item / drop item | 3 | |
| Right click | 166 | |
| Select / deselect | 322 | |
| Use ability | 112 | |
794 total
» units
| Peasant | 37 | |
| Footman | 2 | |
| Gryphon Rider | 4 | |
| Flying Machine | 21 | |
64 total
» upgrades
| Swords | 1 | |
| Armor | 1 | |
| Masonry | 3 | |
| Gunpowder | 1 | |
| Flak Cannons | 1 | |
7 total
» buildings
| Farm | 17 | |
| Altar of Kings | 2 | |
| Lumber Mill | 2 | |
| Barracks | 1 | |
| Arcane Vault | 2 | |
| Town Hall | 1 | |
| Keep | 5 | |
| Blacksmith | 2 | |
| Castle | 2 | |
| Gryphon Aviary | 3 | |
| Scout Tower | 7 | |
| Guard Tower | 7 | |
| Arcane Tower | 1 | |
| Workshop | 2 | |
54 total
» build order
00:22 Farm
00:25 Farm
00:26 Farm
00:38 Altar of Kings
00:57 Lumber Mill
01:38 Barracks
02:10 Arcane Vault
02:52 Farm
04:35 Town Hall
04:44 Keep
05:27 Blacksmith
05:42 Farm
05:47 Farm
05:54 Farm
07:05 Castle
07:08 Gryphon Aviary
07:14 Gryphon Aviary
07:21 Gryphon Aviary
08:18 Farm
08:22 Farm
08:27 Farm
08:47 Scout Tower
08:53 Scout Tower
09:22 Guard Tower
12:01 Farm
12:05 Farm
12:10 Scout Tower
12:16 Altar of Kings
12:21 Farm
12:37 Lumber Mill
12:42 Arcane Tower
13:26 Arcane Vault
13:31 Farm
13:50 Farm
14:18 Scout Tower
14:41 Blacksmith
14:47 Guard Tower
14:51 Farm
15:04 Farm
15:32 Keep
15:33 Keep
15:33 Keep
15:33 Keep
16:10 Scout Tower
16:14 Scout Tower
16:18 Scout Tower
16:40 Guard Tower
16:44 Guard Tower
16:47 Guard Tower
16:47 Guard Tower
16:48 Guard Tower
17:56 Castle
17:59 Workshop
18:05 Workshop
» items
| Scroll of Regeneration | 3 | |
| Lesser Clarity Potion | 5 | |
| Scroll of Town Portal | 3 | |
| Potion of Healing | 4 | |
15 total
HoLyKaNoLi (
yellow | 51 APM | 1285 actions | 25:14)
4 Blademaster
2 Wind Walk
2 Critical Strike
» actions
| Build / train | 70 | |
| Enter build submenu | 41 | |
| Enter hero's abilities submenu | 4 | |
| Right click | 774 | |
| Select / deselect | 319 | |
| Use ability | 77 | |
1285 total
» units
| Peon | 19 | |
| Grunt | 6 | |
| Troll Headhunter/Berserker | 10 | |
| Demolisher | 2 | |
37 total
» upgrades
| Melee Weapons | 1 | |
| Spiked Barricades | 1 | |
| Ranged Weapons | 2 | |
| Armor | 2 | |
| Troll Regeneration | 1 | |
| Reinforced Defenses | 1 | |
| Berserker Upgrade | 1 | |
| Burning Oil | 1 | |
| Shaman Training | 1 | |
11 total
» buildings
| Altar of Storms | 2 | |
| Orc Burrow | 8 | |
| Barracks | 3 | |
| Voodoo Lounge | 2 | |
| War Mill | 2 | |
| Watch Tower | 15 | |
| Great Hall | 2 | |
| Stronghold | 1 | |
| Fortress | 2 | |
| Spirit Lodge | 2 | |
39 total
» build order
00:07 Altar of Storms
00:18 Orc Burrow
00:36 Barracks
01:24 Orc Burrow
02:02 Voodoo Lounge
03:14 Orc Burrow
03:19 War Mill
05:14 Watch Tower
05:22 Great Hall
05:38 Watch Tower
05:40 Watch Tower
08:40 Orc Burrow
09:07 Great Hall
09:11 Watch Tower
09:13 Watch Tower
12:06 Altar of Storms
12:34 Orc Burrow
13:18 Barracks
13:22 Watch Tower
13:29 Orc Burrow
13:37 Barracks
13:44 Voodoo Lounge
14:15 War Mill
14:29 Watch Tower
15:23 Stronghold
15:39 Watch Tower
15:44 Watch Tower
16:40 Watch Tower
16:42 Watch Tower
16:44 Watch Tower
18:27 Fortress
18:27 Fortress
19:13 Watch Tower
19:27 Orc Burrow
22:47 Spirit Lodge
22:50 Spirit Lodge
23:15 Orc Burrow
23:19 Watch Tower
23:22 Watch Tower
» items
| Lesser Clarity Potion | 2 | |
| Orb of Corruption | 1 | |
| Scroll of Town Portal | 3 | |
| Potion of Mana | 1 | |
| Orb of Lightning | 1 | |
| Potion of Healing | 2 | |
10 total
nbnoob123 (
teal | 95 APM | 2551 actions | 26:51)
6 Mountain King
3 Storm Bolt
2 Bash
1 Avatar
» actions
| Assign group hotkey | 31 | |
| Basic commands | 48 | |
| Build / train | 124 | |
| Enter build submenu | 45 | |
| Enter hero's abilities submenu | 6 | |
| Give item / drop item | 2 | |
| Right click | 1141 | |
| Select / deselect | 476 | |
| Select group hotkey | 568 | |
| Use ability | 110 | |
2551 total
» units
| Peasant | 27 | |
| Footman | 23 | |
| Mortar Team | 11 | |
| Flying Machine | 1 | |
| Troll Headhunter/Berserker | 2 | |
| Shaman | 1 | |
65 total
» upgrades
| Masonry | 3 | |
| Defend | 1 | |
| Gunpowder | 3 | |
| Armor | 2 | |
| Lumber Harvesting | 2 | |
| Flare | 1 | |
| Fragmentation Shards | 1 | |
| Barrage | 1 | |
| Flak Cannons | 1 | |
| Shaman Training | 1 | |
16 total
» buildings
| Altar of Kings | 3 | |
| Barracks | 2 | |
| Farm | 10 | |
| Lumber Mill | 4 | |
| Arcane Vault | 3 | |
| Scout Tower | 11 | |
| Blacksmith | 1 | |
| Arcane Tower | 5 | |
| Guard Tower | 9 | |
| Town Hall | 3 | |
| Keep | 1 | |
| Workshop | 5 | |
| Castle | 1 | |
58 total
» build order
00:09 Altar of Kings
00:17 Barracks
00:30 Farm
00:52 Lumber Mill
01:12 Farm
01:51 Farm
02:10 Arcane Vault
02:22 Farm
02:33 Scout Tower
02:36 Scout Tower
02:55 Scout Tower
03:26 Blacksmith
03:32 Arcane Tower
03:40 Farm
04:17 Guard Tower
05:03 Scout Tower
05:07 Scout Tower
05:51 Arcane Tower
05:52 Guard Tower
06:30 Town Hall
07:03 Guard Tower
08:07 Arcane Vault
08:17 Scout Tower
08:30 Barracks
08:52 Guard Tower
08:59 Lumber Mill
09:03 Farm
09:11 Scout Tower
09:14 Scout Tower
09:30 Keep
09:34 Scout Tower
09:35 Scout Tower
10:59 Guard Tower
11:02 Lumber Mill
11:43 Arcane Tower
11:54 Arcane Tower
11:55 Guard Tower
11:59 Lumber Mill
12:29 Workshop
13:06 Guard Tower
14:00 Castle
14:12 Workshop
14:44 Farm
15:00 Workshop
15:12 Scout Tower
15:28 Farm
15:31 Farm
18:34 Guard Tower
22:32 Guard Tower
22:36 Workshop
22:41 Workshop
23:02 Altar of Kings
23:46 Town Hall
24:02 Arcane Tower
24:36 Town Hall
25:54 Altar of Kings
26:02 Farm
26:15 Arcane Vault
» items
| Scroll of Regeneration | 6 | |
| Lesser Clarity Potion | 4 | |
| Scroll of Speed | 1 | |
| Potion of Healing | 4 | |
| Scroll of Town Portal | 2 | |
| Ivory Tower | 3 | |
20 total
Chat log
(02:12 / Allies) skrt: if ur teching please tower
(02:30 / Allies) skrt: they are massing guranteed
(06:42 / Allies) skrt: why didnt u tower
(08:09 / Allies) skrt: why didnt u tower
(08:20 / Allies) HoLyKaNoLi: cause i wasnt teching
(10:33 / Allies) skrt: people always do this
(10:36 / Allies) skrt: when someone leaves
(10:41 / Allies) skrt: all u needed was literally
(10:43 / Allies) skrt: 4 towers
(10:46 / Allies) HoLyKaNoLi: sorry
(10:49 / Allies) skrt: no
(10:50 / Allies) skrt: red too
(13:52 / Allies) skrt: SIGH
(14:40 / Allies) skrt: UNFORTUNATE GAME
(16:18 / Allies) skrt: REALLY DEPRESSING
(17:31 / Allies) skrt: WOOD ME
(20:00 / Allies) skrt: MORTS MY DUDE?
(20:30 / Allies) skrt: ARE U TROLLING
(21:17 / Allies) skrt: IM SERIOUSLY BEWILDERED
(21:21 / Allies) skrt: DID U GUYS PREORDER
(22:21 / Allies) skrt: YES
(22:40 / Allies) LightYagami: use ur gold
(22:46 / Allies) skrt: GEE
(22:49 / Allies) skrt: I WONDER IF I JUST LOST
(22:50 / Allies) skrt: MY MAIN
(22:52 / Allies) skrt: AND MY TECH BUILDINGHS
(23:19 / Allies) skrt: FUCKING
(23:21 / Allies) skrt: RETARD
(25:10 / All) Arrowgone: gg?
(26:16 / Allies) skrt: PLEASE UNINSTALL
(26:18 / Allies) skrt: PLEASE